 Dungeon Crawl Stone Soup version 0.27-a0-1317-gd1140b374c (webtiles) character file.

Game seed: 12028307237177530124

62 Ijustatesigmund the Chopper (level 4, 0/40 HPs)
             Began as a Hill Orc Fighter on June 21, 2021.
             Succumbed to a scorpion's poison
             ... on level 4 of the Dungeon.
             The game lasted 00:02:03 (1457 turns).

Ijustatesigmund the Chopper (Hill Orc Fighter)      Turns: 1457, Time: 00:02:03

Health: 0/40       AC:  6    Str: 18    XL:     4   Next: 8%
Magic:  4/4        EV:  7    Int:  8    God:
Gold:   78         SH:  9    Dex: 11    Spells: 3/3 levels left

rFire    . . .     SeeInvis .   a - +0 war axe
rCold    . . .     Faith    .   c - +0 kite shield
rNeg     . . .     Spirit   .   b - +0 scale mail
rPois    .         Reflect  .   (no helmet)
rElec    .         Harm     .   (no cloak)
rCorr    .         Rampage  .   (no gloves)
Will     .....                  (no boots)
Stlth    ..........             (no amulet)
HPRegen  0.13/turn              (no ring)
MPRegen  0.09/turn              (no ring)

@: lethally poisoned (0 -> -5)
A: no striking features
a: no special abilities


You were on level 4 of the Dungeon.
You visited 1 branch of the dungeon, and saw 4 of its levels.

You collected 78 gold pieces.

Inventory:

Hand Weapons
 a - a +0 war axe (weapon)
Armour
 b - a +0 scale mail (worn)
 c - a +0 kite shield (worn)
Jewellery
 i - an amulet of the acrobat
 l - a +6 ring of strength
Scrolls
 g - a scroll of teleportation {unknown}
 h - a scroll of amnesia {unknown}
 j - 2 scrolls of identify {unknown}
 k - a scroll of enchant weapon {unknown}
 n - a scroll of brand weapon {unknown}
 p - a scroll of fog {unknown}
Potions
 d - a potion of might
 e - a potion of flight {unknown}
 f - a potion of berserk rage {unknown}
 m - a potion of haste {unknown}
 o - 2 potions of degeneration {unknown}


   Skills:
 + Level 3.8 Fighting
 + Level 5.3 Axes
 - Level 3.3 Armour
 - Level 3.3 Shields


You had 3 spell levels left.
You didn't know any spells.
Your spell library was empty.

Dungeon Overview and Level Annotations

Branches:
Dungeon (4/15)
 Temple: D:4-7

Altars:


Message History

You are too injured to fight recklessly!
You are too injured to fight recklessly!
You are too injured to fight recklessly!
You are too injured to fight recklessly!
You are too injured to fight recklessly!
You are too injured to fight recklessly!
You are too injured to fight recklessly!
You are too injured to fight recklessly!
You are too injured to fight recklessly!
You are too injured to fight recklessly!
You are too injured to fight recklessly!
You are too injured to fight recklessly!
You are too injured to fight recklessly!
You are too injured to fight recklessly!
You are too injured to fight recklessly!
You are too injured to fight recklessly!
You are too injured to fight recklessly!
You hit the scorpion but do no damage.
The scorpion is lightly wounded.
The scorpion stings you but does no damage.
The scorpion stings you.
You slash the scorpion!
The scorpion is severely wounded.
The scorpion stings you but does no damage.
The scorpion stings you.
You are poisoned.
The scorpion poisons you!
Your shield and scale mail prevent you from hitting the scorpion.
The scorpion is severely wounded.
You feel very sick. You block the scorpion's attack.
The scorpion barely misses you.
You barely miss the scorpion.
The scorpion is severely wounded.
You feel sick. The scorpion stings you.
* * * LOW HITPOINT WARNING * * *
The scorpion stings you!
* * * LOW HITPOINT WARNING * * *
You slash the scorpion!
You kill the scorpion!
You die...

......$....##
............####
...............
..............
............# .#
...[......<.# .#
...........###.#
#..@..###..#
#####.##...####
#.........##
###.>......#.
#..........
####..........
#.............
#.##..........
#. #..........


There were no monsters in sight!

Vanquished Creatures
  A scorpion (D:4)
  An adder (D:2)
  2 worms (D:2)
  A dart slug (D:2)
  An orc (D:2)
  A bat (D:1)
  7 endoplasms
  5 giant cockroaches
  2 goblins
  A hobgoblin (D:1)
  6 jackals (D:1)
  A quokka (D:2)
  7 kobolds
  2 rats
38 creatures vanquished.

Notes
Turn   | Place    | Note
-------+----------+-------------------------------------------
     0 | D:1      | Ijustatesigmund the Hill Orc Fighter began the quest for
                  | the Orb.
     0 | D:1      | Reached XP level 1. HP: 19/19 MP: 1/1
   115 | D:1      | Reached skill level 3 in Axes
   116 | D:1      | Reached XP level 2. HP: 23/27 MP: 2/2
   266 | D:1      | Found a faded altar of an unknown god.
   490 | D:1      | Reached skill level 4 in Axes
   661 | D:1      | Reached XP level 3. HP: 33/33 MP: 3/3
  1037 | D:2      | Reached skill level 5 in Axes
  1200 | D:2      | Reached XP level 4. HP: 40/40 MP: 4/4
  1397 | D:3      | You fall into a shaft and drop 1 floor!
  1443 | D:4      | Noticed a scorpion
  1456 | D:4      | HP: 2/40 [scorpion (7)]
  1457 | D:4      | Killed a scorpion
  1457 | D:4      | Succumbed to a scorpion's poison

Illustrated notes

Levels and vault maps discovered:
D:1:      dpeg_arrival_solitude, layout_basic,
          hellmonk_ecumenical_altar_lost_god, minmay_misc_feat_doors
D:2:      layout_rooms, minmay_tetromino_o4
D:3:      layout_basic, serial_shops, shop, roderic_roman_lattice
D:4:      layout_rooms, guppyfry_early_orc_mine, uniq_natasha

Skill      XL: |  1  2  3 |
---------------+----------+-----
Axes           | 3 4 5 |  5.3
Fighting       | |  3.8
Armour         | |  3.3
Shields        | |  3.3

Action                   |  1- 3 |  4- 6 || total
-------------------------+-------+-------++-------
Melee: War axe           |   102 |    18 ||   120
Armor: Scale mail        |    43 |     6 ||    49
Dodge: Dodged            |    26 |     3 ||    29
Block: Kite shield       |    58 |     7 ||    65

Table legend: (Time is in decaauts)
 A = Elapsed time spent in this place.
 B = Non-inter-level travel time spent in this place.
 C = Inter-level travel time spent in this place.
 D = Time resting spent in this place.
 E = Time spent auto-exploring this place.
 F = Levels seen in this place.
 G = Mean time per level.
                   A        B        C        D        E       F      G
               +--------+--------+--------+--------+--------+-----+--------+
         Total |   1519 |   1475 |     44 |      0 |   1183 |   4 |  379.8 |
       Dungeon |   1519 |   1475 |     44 |      0 |   1183 |   4 |  379.8 |
               +--------+--------+--------+--------+--------+-----+--------+

Top non-repeatable levels by time:
     D:1: 764 daAuts
     D:2: 563 daAuts
     D:3: 125 daAuts
     D:4: 66 daAuts
